 Dungeon Crawl Stone Soup version 0.30-a0-605-gb2882149bf (webtiles) character file.

Game seed: 94627898993521219

10017 karrick the Blocker (level 11, -8/89 HPs)
             Began as a Gnoll Fighter on Jan 8, 2023.
             Was a High Priest of Okawaru.
             Mangled by a freezing wraith (13 damage)
             ... on level 11 of the Dungeon.
             The game lasted 00:20:02 (8858 turns).

karrick the Blocker (Gnoll Fighter)                 Turns: 8858, Time: 00:20:03

Health: -8/89      AC: 12    Str: 17    XL:     11   Next: 55%
Magic:  21/21      EV: 19    Int:  9    God:    Okawaru [*****.]
Gold:   696        SH:  8    Dex: 19    Spells: 23/23 levels left

rFire   . . .      SeeInvis .    P - +1 whip (elec)
rCold   . . .      Faith    +    c - +0 buckler
rNeg    . . .      Spirit   .    z - +0 troll leather armour {Pargi}
rPois   .          Reflect  .    (no helmet)
rElec   .          Harm     .    u - +2 cloak {Stlth+}
rCorr   .          Rampage  .    x - +1 pair of gloves
Will    .....                    (no boots)
Stlth   ++++++                   B - amulet of faith
HPRegen 1.14/turn                e - +6 ring of dexterity
MPRegen 0.17/turn                (no ring)

@: heroic, slowed, very slow
A: fangs 1, strong nose, distributed training
a: Renounce Religion, Heroism, Finesse, Duel


You were on level 11 of the Dungeon.
You worshipped Okawaru.
Okawaru was extremely pleased with you.
You visited 2 branches of the dungeon, and saw 12 of its levels.
You also visited: Sewer.

You collected 696 gold pieces.

Inventory:

Hand Weapons
 a - a +1 war axe
 l - the +6 dagger of Regicide {venom, +Blink Int+2}
   (You found it on level 2 of the Dungeon)

   Int:       It affects your intelligence (+2).
   +Blink:    It lets you blink.
 t - a +2 quarterstaff of chaos
 N - a +2 dagger of holy wrath
 P - a +1 whip of electrocution (weapon)
Missiles
 q - 2 throwing nets (quivered)
 U - a silver javelin
 V - 5 javelins
Armour
 b - a +0 scale mail
 c - a +0 buckler (worn)
 u - a +2 cloak of stealth (worn)
 x - a +1 pair of gloves (worn)
 z - a +0 troll leather armour (worn) {Pargi}
 M - +0 steam dragon scales
 S - a +2 robe of willpower
Jewellery
 e - a +6 ring of dexterity (left hand)
 B - an amulet of faith (around neck)
 E - an amulet of magic regeneration
 H - a ring of ice
Wands
 s - a wand of digging (7)
 w - a wand of flame (15)
Scrolls
 f - 2 scrolls of teleportation {unknown}
 g - 2 scrolls of fog
 h - a scroll of vulnerability {unknown}
 k - 2 scrolls of noise {unknown}
 n - 11 scrolls of identify {unknown}
 r - a scroll of blinking {unknown}
 y - a scroll of silence {unknown}
 C - 2 scrolls of enchant armour {unknown}
 D - 2 scrolls of enchant weapon
 F - a scroll of torment {unknown}
 I - a scroll of immolation {unknown}
 J - 3 scrolls of amnesia {unknown}
 K - 3 scrolls of poison
 L - 2 scrolls of fear {unknown}
Potions
 d - a potion of flight {unknown}
 i - a potion of degeneration {unknown}
 j - 5 potions of magic
 m - 5 potions of curing
 o - 3 potions of mutation {unknown}
 p - 2 potions of heal wounds {unknown}
 v - 2 potions of brilliance
 A - 2 potions of might
 G - a potion of ambrosia {unknown}
 Q - a potion of invisibility {unknown}
 T - a potion of attraction {unknown}
Miscellaneous
 O - a phial of floods
 R - a lightning rod (1/4)
 W - a tin of tremorstones (2/2)


   Skills:
 + Level 9.4(14.4) Fighting
 + Level 6.6(11.6) Short Blades
 + Level 6.6(11.6) Long Blades
 + Level 8.1(13.1) Axes
 + Level 6.6(11.6) Maces & Flails
 + Level 6.6(11.6) Polearms
 + Level 6.6(11.6) Staves
 + Level 6.6(11.6) Ranged Weapons
 + Level 6.6(11.6) Throwing
 + Level 9.4(14.4) Armour
 + Level 6.6(11.6) Dodging
 + Level 6.6(11.6) Stealth
 + Level 9.4(14.4) Shields
 + Level 6.6(11.6) Unarmed Combat
 + Level 6.6 Spellcasting
 + Level 5.5 Conjurations
 + Level 5.5 Hexes
 + Level 5.5 Summonings
 + Level 5.5 Necromancy
 + Level 5.5 Translocations
 + Level 5.5 Transmutations
 + Level 5.5 Fire Magic
 + Level 5.5 Ice Magic
 + Level 5.5 Air Magic
 + Level 5.5 Earth Magic
 + Level 5.5 Poison Magic
 + Level 7.3 Invocations
 + Level 6.6 Evocations


You had 23 spell levels left.
You didn't know any spells.
Your spell library was empty.

Dungeon Overview and Level Annotations

Branches:
Dungeon (11/15)            Temple (1/1) D:5            Lair (0/5) D:9
    Orc (0/2) D:11          Sewer (visited)

Altars:
Ashenzari
Cheibriados
Dithmenos
Elyvilon
Fedhas
Gozag
Hepliaklqana
Kikubaaqudgha
Makhleb
Nemelex Xobeh
Okawaru
Qazlal
Ru
Sif Muna
Trog
Uskayaw
Vehumet
Wu Jian
Xom
Yredelemnul
Zin
The Shining One
Jiyva

Annotations:
D:11 4 runed translucent doors


Innate Abilities, Weirdness & Mutations

You have very sharp teeth.
Your uncanny sense of smell can sniff out nearby items.
Your experience applies equally to all skills.


Message History

The freezing wraith is heavily damaged.
The freezing wraith hits you. The freezing wraith freezes you!
* * * LOW HITPOINT WARNING * * *
The freezing wraith completely misses you.
You hit the freezing wraith.
The freezing wraith is heavily damaged.
The freezing wraith hits you.
* * * LOW HITPOINT WARNING * * *
The freezing wraith freezes you!!
* * * LOW HITPOINT WARNING * * *
The freezing wraith closely misses you.
You feel better. The freezing wraith closely misses you.
The freezing wraith hits you!
* * * LOW HITPOINT WARNING * * *
The freezing wraith drains your vigour!
You feel as though you will be slow longer.
You feel better. The freezing wraith closely misses you.
The freezing wraith misses you. The freezing wraith barely misses you.
The freezing wraith hits you but does no damage.
As you read the scroll labelled IZADOT AGERCHOJ, it crumbles to dust.
The scroll dissolves into smoke.
It was a scroll of fog.
You block the freezing wraith's attack.
The freezing wraith completely misses you.
The freezing wraith attacks as you move away!
The freezing wraith closely misses you. The freezing wraith hits you.
* * * LOW HITPOINT WARNING * * *
The freezing wraith drains your vigour!
You feel as though you will be slow longer.
The freezing wraith completely misses you.
The freezing wraith hits you but does no damage.
Nothing appears to happen.
As you read the scroll labelled MUMPES SUR XUM, it crumbles to dust.
It was a scroll of poison.
The freezing wraith closely misses you. The freezing wraith misses you.
As you read the scroll labelled AFEIFI OCHESA, it crumbles to dust.
It is a scroll of enchant weapon.
Your +0 war axe glows red for a moment.
The freezing wraith hits you!
* * * LOW HITPOINT WARNING * * *
The freezing wraith freezes you!
You die...

#..##∆ ∆ #8....8#..#. #...#
#..Y..)#..#. #...# #.Yggg.#..#.
##.## ∆ #8ggYY8#.##. #.#.
#######8CY8##....
#.#.##.#.'(##++##..### #######
#.#§#[#..#..........# ##.....##
##.#§####†#....#####.# ........#
#..##W@§§##.#### #.# ..).....#
#...######..#### #.#
.#.#..#.###.)............# #.#
..<...#.........#..#####.### #.#
.#.#[.###.##.##.#.......... ..#
...)..##...#†##.##.##.#..########
...........#..........#..##.###.#
##.#.....(....#.##.......#.#.#.#†
...####.#†###.# ##.##.#.#.###....


You could see a freezing wraith.

Vanquished Creatures
  2 two-headed ogres (D:11)
  Joseph (D:8)
  Psyche (D:8)
  A kobold demonologist (D:11)
  A troll (D:11)
  20 yaks
  3 wyverns
  2 wraiths
  A steam dragon (D:7)
  Menkaure (D:7)
  3 acid dragons
  5 orc warriors
  2 water moccasins (D:5)
  3 ice beasts
  Pargi (Sewer)
  2 black bears
  3 ogres
  2 phantoms (D:6)
  4 centaurs
  2 kobold brigands (D:9)
  A bullfrog (D:7)
  2 necrophages
  2 scorpions (D:6)
  4 killer bees (D:11)
  5 howler monkeys
  6 hounds
  2 jellies (D:6)
  Crazy Yiuf (D:3)
  A gnoll bouda (D:9)
  Natasha (twice) (D:3)
  6 orc wizards
  Robin (D:2)
  6 gnolls
  10 adders
  2 shadow imps (D:6)
  2 white imps
  2 ufetubi (D:4)
  5 dart slugs
  33 orcs
  4 endoplasms
  9 giant cockroaches
  11 hobgoblins
  4 jackals
  3 quokkas
  5 ball pythons
  9 bats
  2 frilled lizards
  15 goblins
  15 kobolds
  6 rats
236 creatures vanquished.

Vanquished Creatures (others)
  An orc wizard (D:9)
1 creature vanquished.

Grand Total: 237 creatures vanquished

Notes
Turn   | Place    | Note
-------+----------+-------------------------------------------
     0 | D:1      | karrick the Gnoll Fighter began the quest for the Orb.
     0 | D:1      | Reached XP level 1. HP: 23/23 MP: 1/1
    36 | D:1      | Reached XP level 2. HP: 29/29 MP: 2/2
   202 | D:1      | Reached XP level 3. HP: 35/35 MP: 3/3
   431 | D:1      | Reached skill level 1 in Invocations
   563 | D:2      | Reached skill level 1 in Short Blades
   563 | D:2      | Reached skill level 1 in Long Blades
   563 | D:2      | Reached skill level 1 in Maces & Flails
   563 | D:2      | Reached skill level 1 in Polearms
   563 | D:2      | Reached skill level 1 in Staves
   563 | D:2      | Reached skill level 1 in Ranged Weapons
   563 | D:2      | Reached skill level 1 in Throwing
   563 | D:2      | Reached skill level 1 in Dodging
   563 | D:2      | Reached skill level 1 in Stealth
   563 | D:2      | Reached skill level 1 in Unarmed Combat
   563 | D:2      | Reached skill level 1 in Spellcasting
   563 | D:2      | Reached skill level 1 in Evocations
   691 | D:2      | Noticed Robin
   698 | D:2      | Killed Robin
   699 | D:2      | Reached XP level 4. HP: 41/41 MP: 5/5
   769 | D:2      | Identified the +6 dagger of Regicide {venom, +Blink Int+2}
   859 | D:2      | Reached skill level 1 in Conjurations
   859 | D:2      | Reached skill level 1 in Hexes
   859 | D:2      | Reached skill level 1 in Summonings
   859 | D:2      | Reached skill level 1 in Necromancy
   859 | D:2      | Reached skill level 1 in Translocations
   859 | D:2      | Reached skill level 1 in Transmutations
   859 | D:2      | Reached skill level 1 in Fire Magic
   859 | D:2      | Reached skill level 1 in Ice Magic
   859 | D:2      | Reached skill level 1 in Air Magic
   859 | D:2      | Reached skill level 1 in Earth Magic
   859 | D:2      | Reached skill level 1 in Poison Magic
  1399 | D:3      | Found a radiant altar of Vehumet.
  1648 | D:3      | Noticed Natasha
  1652 | D:3      | Killed Natasha
  1653 | D:3      | Reached XP level 5. HP: 42/47 MP: 5/7
  1701 | D:3      | Found a snail-covered altar of Cheibriados.
  2141 | D:3      | Found a runed translucent door.
  2142 | D:3      | Noticed Crazy Yiuf
  2193 | D:3      | Noticed Natasha
  2202 | D:3      | Killed Natasha
  2325 | D:3      | Killed Crazy Yiuf
  2326 | D:3      | Reached XP level 6. HP: 5/53 MP: 8/8
  2576 | D:4      | Reached skill level 5 in Axes
  2583 | D:4      | Found a glowing golden altar of the Shining One.
  2583 | D:4      | Found a bloodstained altar of Trog.
  2918 | D:4      | Noticed a black bear
  2932 | D:4      | Killed a black bear
  2933 | D:4      | Reached XP level 7. HP: 49/60 MP: 10/10
  3053 | D:4      | Found a shimmering altar of Xom.
  3077 | D:4      | Found a glowing silver altar of Zin.
  3080 | D:4      | Found an ornate altar of the Wu Jian Council.
  3288 | D:5      | Entered Level 5 of the Dungeon
  3492 | D:5      | Found a staircase to the Ecumenical Temple.
  3515 | D:5      | Reached XP level 8. HP: 59/67 MP: 12/12
  3544 | D:5      | Found a glowing drain.
  3548 | Sewer    | Entered a sewer
  3554 | Sewer    | Noticed Pargi
  3556 | Sewer    | Killed Pargi
  3717 | Temple   | Entered the Ecumenical Temple
  3832 | Temple   | Became a worshipper of Warmaster Okawaru
  4112 | D:5      | Reached * piety under Okawaru
  4440 | D:6      | Reached XP level 9. HP: 61/73 MP: 14/14
  4759 | D:6      | Found an opulent altar of Gozag.
  5357 | D:6      | Reached ** piety under Okawaru
  5432 | D:6      | Found a shimmering blue altar of Sif Muna.
  5793 | D:7      | Noticed Menkaure
  6322 | D:9      | Reached skill level 5 in Invocations
  6502 | D:9      | Found an ancient bone altar of Kikubaaqudgha.
  6644 | D:9      | Found a staircase to the Lair.
  6714 | D:9      | Reached skill level 5 in Short Blades
  6714 | D:9      | Reached skill level 5 in Long Blades
  6714 | D:9      | Reached skill level 5 in Maces & Flails
  6714 | D:9      | Reached skill level 5 in Polearms
  6714 | D:9      | Reached skill level 5 in Staves
  6714 | D:9      | Reached skill level 5 in Ranged Weapons
  6714 | D:9      | Reached skill level 5 in Throwing
  6714 | D:9      | Reached skill level 5 in Dodging
  6714 | D:9      | Reached skill level 5 in Stealth
  6714 | D:9      | Reached skill level 5 in Unarmed Combat
  6714 | D:9      | Reached skill level 5 in Spellcasting
  6714 | D:9      | Reached skill level 5 in Evocations
  6714 | D:9      | Reached XP level 10. HP: 42/81 MP: 17/17
  7129 | D:8      | Found a broken altar of Ashenzari.
  7182 | D:8      | Found a hide-covered altar of Uskayaw.
  7215 | D:8      | Noticed Psyche
  7245 | D:8      | Killed Psyche
  7297 | D:8      | Noticed Joseph
  7311 | D:8      | Killed Joseph
  7311 | D:8      | Reached *** piety under Okawaru
  7541 | D:8      | Found a sparkling altar of Nemelex Xobeh.
  7610 | D:8      | Reached **** piety under Okawaru
  7860 | D:7      | Killed Menkaure
  7994 | D:10     | Entered Level 10 of the Dungeon
  8102 | D:9      | Received a gift from Okawaru
  8182 | D:10     | Received a gift from Okawaru
  8335 | D:10     | You fall into a shaft and drop 1 floor!
  8349 | D:11     | Reached skill level 5 in Conjurations
  8349 | D:11     | Reached skill level 5 in Hexes
  8349 | D:11     | Reached skill level 5 in Summonings
  8349 | D:11     | Reached skill level 5 in Necromancy
  8349 | D:11     | Reached skill level 5 in Translocations
  8349 | D:11     | Reached skill level 5 in Transmutations
  8349 | D:11     | Reached skill level 5 in Fire Magic
  8349 | D:11     | Reached skill level 5 in Ice Magic
  8349 | D:11     | Reached skill level 5 in Air Magic
  8349 | D:11     | Reached skill level 5 in Earth Magic
  8349 | D:11     | Reached skill level 5 in Poison Magic
  8362 | D:11     | Reached XP level 11. HP: 89/89 MP: 20/20
  8466 | D:11     | Found a staircase to the Orcish Mines.
  8555 | D:11     | Reached ***** piety under Okawaru
  8555 | D:11     | Received a gift from Okawaru
  8630 | D:11     | Received a gift from Okawaru
  8699 | D:11     | Found a large runed translucent door.
  8699 | D:11     | Found a large runed translucent door.
  8705 | D:11     | Noticed a two-headed ogre
  8747 | D:11     | Killed a two-headed ogre
  8751 | D:11     | Noticed a cyclops
  8762 | D:11     | Noticed a manticore
  8779 | D:11     | Found a large runed translucent door.
  8779 | D:11     | Found a large runed translucent door.
  8826 | D:11     | Noticed a two-headed ogre
  8837 | D:11     | Killed a two-headed ogre
  8837 | D:11     | Received a gift from Okawaru
  8852 | D:11     | HP: 3/89 [freezing wraith (22)]
  8853 | D:11     | HP: 1/89 [freezing wraith (10)]
  8858 | D:11     | Mangled by a freezing wraith

Illustrated notes

Levels and vault maps discovered:
D:1:      ebering_trefoil_3fold, layout_rooms, grunt_decor_fettered,
          serial_park_tiny_pond, nrook_uturn
D:2:      layout_loops_ring, minmay_worlds_worst_comb, uniq_robin
D:3:      layout_basic, nicolae_vehumet_radiance,
          mainiacjoe_overflow_concentric_impassable, dk_noncrumbling_2,
          nicolae_figureground_sparkle, uniq_crazy_yiuf_cottage, uniq_natasha
D:4:      layout_loops_ring, nicolae_overflow_hidden_temple
D:5:      layout_basic, minmay_temple_entry_glass, gup_sewer_entry_bowl,
          kennysheep_generic_room_3
D:6:      layout_basic, led_sif_pool, mainiacjoe_overflow_brackets,
          minmay_diced_spiral
D:7:      layout_rooms, uniq_menkaure
D:8:      layout_loops_ring, evilmike_ruin_ashenzari,
          nicolae_uskayaw_dance_hall, marbit_many_paths, uniq_joseph,
          uniq_psyche
D:9:      minmay_spotlight, layout_basic, mainiacjoe_overflow_catwalk,
          lair_entry_dummy
D:10:     layout_irregular_city, serial_bayou_pond_b
D:11:     layout_loops_cross, david_orc_2, st_stairs_14,
          minmay_hollow_rounded_squares
Temple:   pf_slimified_temple

Skill      XL: |  1  2  3  4  5  6  7  8  9 10 11 |
---------------+----------------------------------+-----
Invocations    | 1 2 3 4 5 6 7 |  7.3
Short Blades   | 1 2 3 5 6 |  6.6
Long Blades    | 1 2 3 5 6 |  6.6
Maces & Flails | 1 2 3 5 6 |  6.6
Polearms       | 1 2 3 5 6 |  6.6
Staves         | 1 2 3 5 6 |  6.6
Ranged Weapons | 1 2 3 5 6 |  6.6
Throwing       | 1 2 3 5 6 |  6.6
Dodging        | 1 2 3 5 6 |  6.6
Stealth        | 1 2 3 5 6 |  6.6
Unarmed Combat | 1 2 3 5 6 |  6.6
Spellcasting   | 1 2 3 5 6 |  6.6
Evocations     | 1 2 3 5 6 |  6.6
Conjurations   | 1 2 3 4 5 |  5.5
Hexes          | 1 2 3 4 5 |  5.5
Summonings     | 1 2 3 4 5 |  5.5
Necromancy     | 1 2 3 4 5 |  5.5
Translocations | 1 2 3 4 5 |  5.5
Transmutations | 1 2 3 4 5 |  5.5
Fire Magic     | 1 2 3 4 5 |  5.5
Ice Magic      | 1 2 3 4 5 |  5.5
Air Magic      | 1 2 3 4 5 |  5.5
Earth Magic    | 1 2 3 4 5 |  5.5
Poison Magic   | 1 2 3 4 5 |  5.5
Axes           | 5 6 7 8 |  8.1
Fighting       | 7 8 9 |  9.4
Armour         | 7 8 9 |  9.4
Shields        | 7 8 9 |  9.4

Action                   |  1- 3 |  4- 6 |  7- 9 | 10-12 || total
-------------------------+-------+-------+-------+-------++-------
Melee: War axe           |    78 |    14 |    12 |       ||   104
       Bite              |     6 |    12 |    47 |    54 ||   119
       Dagger            |       |   113 |   365 |   376 ||   854
       Whip              |       |       |       |     8 ||     8
Invok: Heroism           |       |       |       |     5 ||     5
Evoke: Lightning rod     |       |       |       |     5 ||     5
       Wand              |       |       |       |     1 ||     1
  Use: Potion            |       |     1 |     1 |     5 ||     7
       Scroll            |       |       |       |     3 ||     3
 Stab: Sleeping          |       |       |     5 |     6 ||    11
Armor: Scale mail        |    35 |    48 |    98 |       ||   181
       Troll leather arm |       |       |    23 |    62 ||    85
       Steam dragon scal |       |       |     2 |       ||     2
Dodge: Dodged            |    36 |    48 |   164 |   179 ||   427
Block: Buckler           |    33 |    45 |   106 |   104 ||   288

Table legend: (Time is in decaauts)
 A = Elapsed time spent in this place.
 B = Non-inter-level travel time spent in this place.
 C = Inter-level travel time spent in this place.
 D = Time resting spent in this place.
 E = Time spent auto-exploring this place.
 F = Levels seen in this place.
 G = Mean time per level.
                   A        B        C        D        E       F      G
               +--------+--------+--------+--------+--------+-----+--------+
         Total |   8744 |   8433 |    311 |    134 |   6207 |  13 |  672.6 |
       Dungeon |   8470 |   8201 |    269 |    134 |   6031 |  11 |  770.0 |
        Temple |    128 |     86 |     42 |      0 |     78 |   1 |  128.0 |
         Sewer |    145 |    145 |      0 |      0 |     98 |   1 |  145.0 |
               +--------+--------+--------+--------+--------+-----+--------+

Top non-repeatable levels by time:
     D:6: 1339 daAuts
     D:3: 1166 daAuts
     D:8: 976 daAuts
     D:9: 927 daAuts
     D:2: 817 daAuts
     D:4: 757 daAuts
     D:5: 672 daAuts
     D:1: 565 daAuts
     D:7: 484 daAuts
    D:11: 483 daAuts
    D:10: 280 daAuts
   Sewer: 145 daAuts
  Temple: 128 daAuts
